[Event "Baltic Zonal 2018"]
[Site "Tallinn"]
[Date "2018.05.17"]
[Round "6"]
[White "Tokranovs, Dmitrijs"]
[Black "Vorobjov, Pavel"]
[Result "1/2-1/2"]
[ECO "B22"]
[WhiteElo "2337"]
[BlackElo "2233"]
[Annotator "NA"]
[PlyCount "127"]
[EventDate "2018.??.??"]
[EventType "swiss"]
[EventCountry "EST"]
[SourceTitle "playchess.com"]
[Source "ChessBase"]
[SourceQuality "1"]
[TimeControl "5400+30"]

1. e4 c5 2. c3 d6 3. g3 {[%emt 0:01:26] B22: Sicilian: 2 c3} (3. d4 Nf6 4. Bd3 g6 5. dxc5 dxc5 6. e5 Nh5 7. h3 Nc6 8. Nf3 Ng7 9. Qe2 Ne6 10. O-O Bg7 11. Re1 Qc7 12. a4 b6 13. Na3 Bb7 14. Be4 {½-½ (90) Howell,D (2676)-Mamedov,R (2709) Riadh 2017}) 3... Nf6 4. Bg2 Nc6 5. Ne2 e5 6. h3 d5 $146 ({Predecessor:} 6... Be7 7. d4 cxd4 8. cxd4 exd4 9. Nxd4 O-O 10. Nc3 Qb6 11. Nb3 Be6 12. O-O Na5 13. Be3 Qb4 14. Nxa5 Qxa5 15. Nd5 Bxd5 16. exd5 Nd7 {½-½ (16) Ozer,O (2240)-Sredojevic,I (2422) Novi Sad 2016}) 7. exd5 Nxd5 8. d4 cxd4 9. cxd4 Bb4+ 10. Bd2 exd4 11. Bxb4 Ndxb4 12. a3 Na6 13. O-O O-O 14. Nd2 Bf5 15. b4 Nc7 16. Nb3 d3 17. Nf4 Qd6 18. Nc5 Rab8 19. Ncxd3 a5 (19... g5 $15 20. g4 Bxd3 21. Nxd3 Rfd8) 20. bxa5 Nxa5 21. Nb4 $11 Rfd8 22. Qxd6 Rxd6 23. Rac1 Na6 24. Rfd1 Rxd1+ 25. Rxd1 Nxb4 26. axb4 Nc6 27. b5 Nd8 28. g4 Be6 29. Nxe6 Nxe6 30. Rd7 Kf8 31. Bd5 Nd8 32. Kg2 Ke8 33. Rc7 Ra8 34. Bxb7 Ra7 35. Bc6+ Nxc6 36. Rxc6 Rb7 37. Rc5 Ke7 38. Kf3 Kd6 39. Rh5 g6 40. Rxh7 Ke6 41. h4 Rxb5 42. Kg3 Kf6 43. f3 Rb8 44. h5 gxh5 45. Rxh5 Kg6 46. Ra5 Rb1 47. Ra6+ Kg7 48. f4 Rg1+ 49. Kh4 Rb1 50. Kh5 Rb5+ 51. f5 Rc5 52. Kg5 Rb5 53. Ra7 Rc5 54. Re7 Ra5 55. Kf4 Ra4+ 56. Re4 Ra1 57. g5 Rf1+ 58. Kg4 Rh1 59. Rc4 Rf1 60. Rc3 Rg1+ 61. Rg3 Rh1 62. Rh3 Rg1+ 63. Kh5 f6 64. gxf6+ 1/2-1/2

[Event "Baltic Zonal 2018"]
[Site "Tallinn"]
[Date "2018.05.17"]
[Round "6"]
[White "Berzina, Ilze"]
[Black "Chukavin, Kirill"]
[Result "0-1"]
[ECO "B40"]
[WhiteElo "2176"]
[BlackElo "2310"]
[Annotator "NA"]
[PlyCount "44"]
[EventDate "2018.??.??"]
[EventType "swiss"]
[EventCountry "EST"]
[SourceTitle "playchess.com"]
[Source "ChessBase"]
[SourceQuality "1"]
[TimeControl "5400+30"]

1. e4 c5 2. Nf3 e6 3. c4 Nc6 4. Nc3 Nd4 5. Nxd4 cxd4 6. Ne2 Bc5 7. Ng3 Ne7 8. Bd3 Ng6 9. Nh5 Ne5 10. Qe2 Qg5 11. Ng3 h5 12. O-O {[%emt 0:02:05] [#]} (12. h4 $17 Qf4 13. a3) 12... Qf4 $19 13. f3 h4 14. Nh1 Nxc4 15. b3 Bd6 16. h3 Ne5 17. Bb2 Qh2+ 18. Kf2 Ng6 19. Bxd4 Nf4 20. Qe3 Nxg2 21. Qg5 Nf4+ 22. Ke3 Nxh3 0-1